 Dungeon Crawl Stone Soup version 0.28-a0-1510-gd0f6b136d3 (webtiles) character file.

Game seed: 9910915075336298720

931 avis the Insei (level 7, -2/61 (62) HPs)
             Began as a Deep Dwarf Transmuter on Jan 15, 2022.
             Was an Initiate of Gozag.
             Slain by a wight (6 damage)
             ... on level 5 of the Dungeon.
             The game lasted 00:43:25 (6897 turns).

avis the Insei (Deep Dwarf Transmuter)              Turns: 6897, Time: 00:43:28

HP:   -2/61 (62)    AC:  2    Str: 13    XL:     7   Next: 86%
MP:   11/13         EV: 19    Int: 16    God:    Gozag
Gold: 318           SH:  0    Dex: 18    Spells: 3/14 levels left

rFire   . . .      SeeInvis .     - Unarmed
rCold   . . .      Faith    .   (shield currently unavailable)
rNeg    . . .      Spirit   .   (armour currently unavailable)
rPois   x          Reflect  .   (helmet currently unavailable)
rElec   .          Harm     .   (cloak currently unavailable)
rCorr   .          Rampage  .   (gloves currently unavailable)
Will    +....                   (boots currently unavailable)
Stlth   ++........              (no amulet)
HPRegen 0.00/turn               (no ring)
MPRegen 0.13/turn               (no ring)

@: spider-form (expiring), lightly drained
A: venomous fangs, damage resistance, heal wounds, tiny, sense surroundings 1,
no regeneration
a: Heal Wounds, End Transformation, Renounce Religion, Potion Petition, Call
Merchant, Bribe Branch


You were on level 5 of the Dungeon.
You worshipped Gozag.
Gozag was aware of your devotion.
You were a venomous arachnid creature.
You visited 2 branches of the dungeon, and saw 7 of its levels.

You collected 361 gold pieces.
You paid 43 gold pieces to Gozag.

Inventory:

Hand Weapons
 l - a +3 quarterstaff of chaos
 u - a +1 vorpal falchion
 z - a +3 vorpal war axe
 C - a +4 dire flail of freezing
Missiles
 g - 6 silver javelins
 s - 13 poisoned darts
 x - 35 arrows
 B - 41 stones
Armour
 a - a +0 robe
 r - a +0 cloak (melded)
 y - a +2 leather armour of cold resistance (melded)
Jewellery
 n - an amulet of guardian spirit
 A - a +6 ring of intelligence
Scrolls
 c - 2 scrolls of immolation {unknown}
 f - a scroll of fear {unknown}
 i - 2 scrolls of fog {unknown}
 q - 2 scrolls of identify {unknown}
 t - a scroll of torment {unknown}
 w - 2 scrolls of summoning {unknown}
Potions
 b - 2 potions of ambrosia {unknown}
 d - a potion of mutation {unknown}
 e - 2 potions of curing {unknown}
 h - 2 potions of cancellation {unknown}
 j - 2 potions of attraction {unknown}
 k - a potion of heal wounds {unknown}
 m - a potion of brilliance {unknown}
 o - 2 potions of haste {unknown}
 p - a potion of invisibility {unknown}
 v - a potion of might {unknown}


   Skills:
 - Level 3.0 Fighting
 - Level 2.1 Dodging
 - Level 3.0 Stealth
 * Level 4.9 Unarmed Combat
 - Level 4.0 Spellcasting
 - Level 4.0 Necromancy
 - Level 3.0 Transmutations
 - Level 1.0 Poison Magic


You had 3 spell levels left.
You knew the following spells:

 Your Spells              Type           Power      Damage    Failure   Level
a - Beastly Appendage     Tmut           24%        N/A       14%         1
d - Vampiric Draining     Necr           16%        2d7       24%         3
p - Spider Form           Tmut/Pois      9%         N/A       43%         3
q - Ice Form              Ice/Tmut       8%         N/A       83%         4

Your spell library contained the following spells:

 Spells                   Type           Power      Damage    Failure   Level
 Wereblood                Tmut           12%        N/A       21%         2
 Apportation              Tloc           6%         N/A       36%         1
 Slow                     Hex            12%        N/A       36%         1
 Confusing Touch          Hex            3%         N/A       67%         3
 Summon Guardian Golem    Hex/Summ       3%         N/A       67%         3
 Alistair's Intoxication  Tmut/Pois      6%         N/A       97%         5
 Orb of Destruction       Conj           1%         9d5       100%        7
 Spellforged Servitor     Conj/Summ      1%         N/A       100%        7


Dungeon Overview and Level Annotations

Branches:
Dungeon (6/15)             Temple (1/1) D:4

Altars:
Ashenzari
Cheibriados
Dithmenos
Elyvilon
Fedhas
Gozag
Hepliaklqana
Kikubaaqudgha
Makhleb
Nemelex Xobeh
Okawaru
Qazlal
Ru
Trog
Uskayaw
Vehumet
Wu Jian
Xom
Yredelemnul
Zin
The Shining One

Shops:
D:5 (

Annotations:
D:3 Grinder


Innate Abilities, Weirdness & Mutations

You are a venomous arachnid creature.
You have poisonous fangs.
You are tiny and dextrous.
Your spellcasting is less reliable in this form.
Your armour is entirely melded.
You are incapable of wielding weapons or throwing items.
You are resistant to damage.
You can heal yourself by infusing magical energy.
You passively map a small area around you.
You do not regenerate.


Message History

Something hits you but does no damage. The wight hits you with a +0 mace!
* * * LOW HITPOINT WARNING * * *
The howler monkey zombie closely misses you.
There is a stone staircase leading up here.
Unknown command.
The wight completely misses you. Something hits you. Something shocks you.
* * * LOW HITPOINT WARNING * * *
You climb upwards.
Reactivating autopickup.
There is a stone staircase leading down here.
Press: ? - help, v - describe, . - travel, g - get item
Here: a wight, wielding a +0 mace and wearing a +0 robe
Items here: a +0 robe; a +0 club.
The floor, spattered with blood.
You hit the wight but do no damage. Something closely misses you.
The wight hits you with a +0 mace.
* * * LOW HITPOINT WARNING * * *
You feel drained.
You hit the wight.
The wight is moderately damaged.
A sky beast appears from thin air!
The sky beast completely misses you. The wight barely misses you.
You hit the wight.
The wight is severely damaged.
The sky beast completely misses you. The wight misses you.
You hit the wight but do no damage.
The wight is severely damaged.
Your transformation is almost over.
The sky beast hits you.
* * * LOW HITPOINT WARNING * * *
The sky beast shocks you.
* * * LOW HITPOINT WARNING * * *
The wight closely misses you.
You hit the wight but do no damage.
The wight is severely damaged.
The sky beast hits you. The sky beast shocks you.
* * * LOW HITPOINT WARNING * * *
The wight hits you with a +0 mace!
You die...
Your body crumbles into a pile of gold.

#...###### #...#....#
#######...#.##.# ###
............##.####.#
.#....#........#....#
.........#.....#.##.#
##..#..###.#####.##.#
.......#.......#z##.#
.##..........#.#s##.#
......##.#...#.#Y####
.#.....#.#...#.#z#
.....#.#.#...#.#.#
###.#........#.#.#
#.'.#........#<#.#
#.###..####.##...####
....#...........)...#
....+...#####.##.####


You could see a sky beast and 2 wights.

Vanquished Creatures
  Menkaure (D:4)
  A water moccasin (D:5)
  An orc warrior (D:5)
  A wight (D:5)
  A bullfrog zombie (D:6)
  Crazy Yiuf (D:4)
  A centaur zombie (D:5)
  A centaur skeleton (D:5)
  2 orc priests (D:5)
  3 hounds
  2 jellies (D:4)
  An orc wizard (D:5)
  Robin (D:2)
  6 gnolls
  4 adders
  A shadow imp (D:5)
  2 ufetubi
  An adder skeleton (D:4)
  3 dart slugs
  10 orcs
  3 ball pythons
  4 bats (D:1)
  3 endoplasms
  10 giant cockroaches
  9 hobgoblins
  2 jackals (D:5)
  5 kobolds
  A quokka (D:3)
  4 frilled lizards
  12 goblins
  7 rats
104 creatures vanquished.

Vanquished Creatures (others)
  A plant (D:1)
1 creature vanquished.

Grand Total: 105 creatures vanquished

Notes
Turn   | Place    | Note
-------+----------+-------------------------------------------
     0 | D:1      | avis the Deep Dwarf Transmuter began the quest for the Orb.
     0 | D:1      | Reached XP level 1. HP: 16/16 MP: 3/3
    92 | D:1      | Reached skill level 1 in Stealth
    92 | D:1      | Reached skill level 1 in Fighting
   133 | D:1      | You fall into a shaft and drop 1 floor!
   364 | D:1      | Reached XP level 2. HP: 16/25 MP: 2/4
   990 | D:2      | Reached XP level 3. HP: 30/31 MP: 6/6
  1008 | D:2      | Learned a level 3 spell: Vampiric Draining
  1131 | D:2      | Noticed Robin
  1152 | D:2      | Killed Robin
  1153 | D:2      | Reached skill level 1 in Necromancy
  1658 | D:2      | Reached XP level 4. HP: 12/39 MP: 7/7
  1696 | D:2      | Found a sacrificial altar of Ru.
  2122 | D:3      | Noticed Grinder
  3253 | D:3      | Learned a level 3 spell: Spider Form
  3564 | D:4      | Reached XP level 5. HP: 27/45 MP: 4/8
  3783 | D:4      | Noticed Menkaure
  3798 | D:4      | Killed Menkaure
  3799 | D:4      | Reached XP level 6. HP: 39/52 MP: 6/11
  3809 | D:4      | Learned a level 4 spell: Ice Form
  3895 | D:4      | Found a runed translucent door.
  3896 | D:4      | Noticed Crazy Yiuf
  3969 | D:4      | Found a staircase to the Ecumenical Temple.
  3978 | Temple   | Entered the Ecumenical Temple
  4393 | Temple   | Became a worshipper of Gozag Ym Sagoz the Greedy
  4724 | D:4      | Killed Crazy Yiuf
  4924 | D:5      | Entered Level 5 of the Dungeon
  5543 | D:5      | Reached skill level 1 in Poison Magic
  5623 | D:5      | Reached XP level 7. HP: 54/60 MP: 10/13
  6311 | D:5      | Found Damehox's Weapon Emporium.
  6784 | D:5      | HP: 3/60 [wight (14)]
  6897 | D:5      | Slain by a wight

Illustrated notes

Levels and vault maps discovered:
D:1:      shiori_arrival_elements, layout_rooms, serial_bayou_pond_a,
          minmay_crystal_room
D:2:      layout_basic, basic_altar, kennysheep_cross_bottleneck, uniq_robin
D:3:      layout_rooms, uniq_grinder
D:4:      layout_loops_cross, minmay_temple_entry_ruins, st_stairs_3,
          grunt_ministairs_4, glass_columns_a, kennysheep_decorative_pillar,
          uniq_crazy_yiuf_cottage, uniq_menkaure
D:5:      nicolae_cairo_tiling_large, layout_basic, serial_shops,
          nicolae_shop_bloodbath_and_beyond
D:6:      layout_basic, serial_bayou_pond_c, grunt_decor_resistance,
          minmay_fractal_squares_5
Temple:   mainiacjoe_temple_trianglar_array

Skill      XL: |  1  2  3  4  5  6  7 |
---------------+----------------------+-----
Stealth        | 1 2 3 |  3.0
Fighting       | 1 2 3 |  3.0
Unarmed Combat | 3 4 |  4.9
Spellcasting   | 2 3 4 |  4.0
Transmutations | 2 3 |  3.0
Necromancy     | 1 3 4 |  4.0
Poison Magic   | 1 |  1.0
Dodging        | |  2.1

Action                   |  1- 3 |  4- 6 |  7- 9 || total
-------------------------+-------+-------+-------++-------
Melee: Unarmed           |   118 |    71 |    78 ||   267
       Kick              |    23 |    10 |     7 ||    40
       Headbutt          |    16 |     5 |     9 ||    30
       Punch             |     1 |     1 |       ||     2
 Cast: Beastly Appendage |    34 |    12 |     4 ||    50
       Vampiric Draining |       |    34 |    10 ||    44
       Spider Form       |       |     7 |     7 ||    14
 Abil: Heal Wounds       |     1 |       |     2 ||     3
 Stab: Sleeping          |       |     2 |       ||     2
       Distracted        |       |       |     1 ||     1
Armor: Robe              |    13 |     3 |       ||    16
       Leather armour    |       |     4 |    14 ||    18
       Skin              |       |     2 |     2 ||     4
Dodge: Dodged            |    50 |    84 |    76 ||   210

Table legend: (Time is in decaauts)
 A = Elapsed time spent in this place.
 B = Non-inter-level travel time spent in this place.
 C = Inter-level travel time spent in this place.
 D = Time resting spent in this place.
 E = Time spent auto-exploring this place.
 F = Levels seen in this place.
 G = Mean time per level.
                   A        B        C        D        E       F      G
               +--------+--------+--------+--------+--------+-----+--------+
         Total |   6906 |   6444 |    462 |   2280 |   2178 |   7 |  986.6 |
       Dungeon |   6452 |   6042 |    410 |   2280 |   1796 |   6 | 1075.3 |
        Temple |    453 |    401 |     52 |      0 |    382 |   1 |  453.0 |
               +--------+--------+--------+--------+--------+-----+--------+

Top non-repeatable levels by time:
     D:4: 1730 daAuts
     D:2: 1684 daAuts
     D:5: 1654 daAuts
     D:1: 747 daAuts
     D:3: 589 daAuts
  Temple: 453 daAuts
     D:6: 46 daAuts
